 Dungeon Crawl Stone Soup version 0.29-a0-321-gf1c400731a (webtiles) character file.

Game seed: 12561989297833515538

100 kae the Firebug (level 4, -1/25 HPs)
             Began as a Tengu Fire Elementalist on Apr 4, 2022.
             Slain by Sigmund
             ... wielding a +3 scythe of protection
              (5 damage)
             ... on level 4 of the Dungeon.
             The game lasted 00:03:03 (3876 turns).

kae the Firebug (Tengu Fire Elementalist)           Turns: 3876, Time: 00:03:03

Health: -1/25      AC:  3    Str:  9    XL:     4   Next: 73%
Magic:  2/8        EV: 12    Int: 17    God:
Gold:   910        SH:  0    Dex: 14    Spells: 1/7 levels left

rFire   . . .      SeeInvis +   j - staff of conjuration
rCold   . . .      Faith    .   (no shield)
rNeg    . . .      Spirit   .   a - +1 robe
rPois   .          Reflect  .   (helmet restricted)
rElec   .          Harm     .   (no cloak)
rCorr   .          Rampage  .   (no gloves)
Will    .....                   (boots unavailable)
Stlth   ++........              (no amulet)
HPRegen 0.08/turn               m - ring of see invisible
MPRegen 0.11/turn               (no ring)

@: very slightly contaminated
A: beak, talons 3
a: no special abilities


You were on level 4 of the Dungeon.
You visited 1 branch of the dungeon, and saw 4 of its levels.

You collected 910 gold pieces.

Inventory:

Hand Weapons
 e - a +0 spear
Armour
 a - a +1 robe (worn)
Magical Staves
 j - a staff of conjuration (weapon)
Jewellery
 g - a ring of ice
 m - a ring of see invisible (left hand)
Wands
 i - a wand of polymorph (9)
 o - a wand of flame (14)
Scrolls
 c - 2 scrolls of vulnerability
 l - a scroll of fear
Potions
 b - 2 potions of magic
 d - a potion of heal wounds
 f - a potion of might
 h - 3 potions of ambrosia
 k - a potion of berserk rage


   Skills:
 + Level 1.1 Fighting
 + Level 1.4 Armour
 + Level 2.6 Dodging
 - Level 2.0 Stealth
 + Level 2.4 Spellcasting
 + Level 2.2 Conjurations
 * Level 4.3 Fire Magic
 + Level 0.0 Evocations


You had one spell level left.
You knew the following spells:

 Your Spells              Type           Power      Damage    Failure   Level
a - Foxfire               Conj/Fire      80%        2x1d8     4%          1
b - Scorch                Fire           32%        2d6       4%          2
c - Conjure Flame         Conj/Fire      20%        6-21      14%         3

Your spell library contained the following spells:

 Spells                   Type           Power      Damage    Failure   Level
 Freeze                   Ice            8%         1d3       19%         1
 Inner Flame              Hex/Fire       9%         N/A       22%         3
 Flame Wave               Conj/Fire      20%        2d7       43%         4
 Frozen Ramparts          Ice            4%         1d2       50%         3
 Hailstorm                Conj/Ice       8%         3d4       75%         4


Dungeon Overview and Level Annotations

Branches:
Dungeon (4/15)
 Temple: D:4-7

Altars:

Annotations:
D:2 1 runed translucent door, Crazy Yiuf
D:3 Grinder
D:4 Sigmund


Innate Abilities, Weirdness & Mutations

You have a beak for a mouth.
You have claws for feet.


Message History

Level annotation: Sigmund Sigmund points at you and mumbles some strange words.
The puff of flame hits you.
There is a stone staircase leading up, spattered with blood here.
Casting: Foxfire (safe; 4% risk of failure)
Confirm with . or Enter, or press ? or * to list all spells.
You feel a surge of power!
You conjure some foxfire!
The foxfire hits Sigmund but does no damage.
Casting: Foxfire (safe; 4% risk of failure)
Confirm with . or Enter, or press ? or * to list all spells.
You feel a surge of power!
You conjure some foxfire!
The foxfire hits Sigmund but does no damage.
The foxfire hits Sigmund.
Sigmund is moderately wounded.
The foxfire hits Sigmund.
Sigmund is moderately wounded.
Sigmund says, "Your kind have come here before.
I understand now why.
You desire death..."
Sigmund barely misses you.
Casting: Foxfire (safe; 4% risk of failure)
Confirm with . or Enter, or press ? or * to list all spells.
You feel a surge of power!
You conjure some foxfire!
The foxfire hits Sigmund but does no damage.
Sigmund is moderately wounded.
The foxfire hits Sigmund.
Sigmund is heavily wounded.
Sigmund says, "Your kind have come here before.
I understand now why.
You desire death..."
Sigmund hits you from afar with a +3 scythe of protection.
Casting: Foxfire (safe; 4% risk of failure)
Confirm with . or Enter, or press ? or * to list all spells.
Flames lash Sigmund but do no damage.
Sigmund hits you from afar with a +3 scythe of protection!
Ouch! That really hurt!
* * * LOW HITPOINT WARNING * * *
Casting: Scorch (safe; 4% risk of failure)
Confirm with . or Enter, or press ? or * to list all spells.
You miscast Scorch.
You are very lightly contaminated with residual magic.
Nothing appears to happen.
Sigmund hits you from afar with a +3 scythe of protection.
You die...

.. #. #.
#. #. #.
#.####
#.@..#
##....?#
.@###.#
..## #
... ....
..##.
..# .#


You could see Sigmund.

Vanquished Creatures
  Jessica (D:2)
  An adder (D:2)
  An ufetubus (D:4)
  A worm (D:4)
  A dart slug (D:1)
  5 endoplasms
  2 giant cockroaches
  4 goblins
  7 hobgoblins
  A jackal (D:4)
  8 kobolds
  5 quokkas
  4 ball pythons
  2 bats (D:2)
  3 frilled lizards (D:2)
  4 rats
50 creatures vanquished.

Vanquished Creatures (others)
  111 foxfires
111 creatures vanquished.

Grand Total: 161 creatures vanquished

Notes
Turn   | Place    | Note
-------+----------+-------------------------------------------
     0 | D:1      | kae the Tengu Fire Elementalist began the quest for the
                  | Orb.
     0 | D:1      | Reached XP level 1. HP: 10/10 MP: 4/4
   222 | D:1      | Reached XP level 2. HP: 15/15 MP: 0/6
   433 | D:1      | Found a faded altar of an unknown god.
   771 | D:1      | Reached XP level 3. HP: 20/20 MP: 5/7
   835 | D:1      | Reached skill level 1 in Armour
   910 | D:2      | Learned a level 2 spell: Scorch
   914 | D:2      | Learned a level 3 spell: Conjure Flame
   948 | D:2      | Noticed Jessica
   962 | D:2      | Killed Jessica
   963 | D:2      | Reached skill level 4 in Fire Magic
  1305 | D:2      | Reached XP level 4. HP: 20/24 MP: 4/8
  1380 | D:2      | Found a runed translucent door.
  1381 | D:2      | Noticed Crazy Yiuf
  1441 | D:2      | Identified a scroll of acquirement
  1441 | D:2      | Acquired 764 gold pieces
  1760 | D:2      | Reached skill level 1 in Fighting
  3102 | D:3      | Noticed Grinder
  3595 | D:3      | Acquired a staff of conjuration
  3722 | D:4      | Noticed Sigmund
  3876 | D:4      | Slain by Sigmund

Illustrated notes

Levels and vault maps discovered:
D:1:      dpeg_arrival_arbitrary_b, layout_rooms,
          dreamdust_ecumenical_altar_statues, due_unseen_surprise
D:2:      layout_loops_corners, uniq_crazy_yiuf_cottage, uniq_jessica
D:3:      layout_basic, uniq_grinder
D:4:      layout_loops_ring, nicolae_yredelemnul_corpse_copse,
          gammafunk_ghost_cemetery, minmay_bisected, uniq_eustachio,
          uniq_sigmund

Skill      XL: |  1  2  3  4 |
---------------+-------------+-----
Armour         | 1 |  1.4
Conjurations   | 2 |  2.2
Fire Magic     | 4 |  4.3
Fighting       | 1 |  1.1
Dodging        | |  2.6
Stealth        | |  2.0
Spellcasting   | |  2.4

Action                   |  1- 3 |  4- 6 || total
-------------------------+-------+-------++-------
Melee: Unarmed           |     6 |       ||     6
       Peck              |     3 |     6 ||     9
       Punch             |     1 |       ||     1
       Spear             |    15 |    29 ||    44
       Kick              |     8 |     4 ||    12
       Staff             |       |     5 ||     5
 Cast: Foxfire           |    44 |    24 ||    68
       Scorch            |       |     4 ||     4
  Use: Scroll            |       |    11 ||    11
 Stab: Sleeping          |     1 |     2 ||     3
Armor: Robe              |     2 |    11 ||    13
Dodge: Dodged            |     8 |    21 ||    29

Table legend: (Time is in decaauts)
 A = Elapsed time spent in this place.
 B = Non-inter-level travel time spent in this place.
 C = Inter-level travel time spent in this place.
 D = Time resting spent in this place.
 E = Time spent auto-exploring this place.
 F = Levels seen in this place.
 G = Mean time per level.
                   A        B        C        D        E       F      G
               +--------+--------+--------+--------+--------+-----+--------+
         Total |   3882 |   3645 |    237 |    124 |   3130 |   4 |  970.5 |
       Dungeon |   3882 |   3645 |    237 |    124 |   3130 |   4 |  970.5 |
               +--------+--------+--------+--------+--------+-----+--------+

Top non-repeatable levels by time:
     D:2: 1637 daAuts
     D:3: 1279 daAuts
     D:1: 906 daAuts
     D:4: 58 daAuts
